 Dungeon Crawl Stone Soup version 0.29.1-12-g30fa7ad0bf (webtiles) character file.

Game seed: 779639835662623834

387 concernfroge the Trooper (level 6, -6/66 HPs)
             Began as an Ogre Fighter on Jan 1, 2023.
             Was a Follower of Zin.
             Killed from afar by an orc wizard (13 damage)
             ... with a puff of flame
             ... on level 5 of the Dungeon.
             The game lasted 00:41:25 (5945 turns).

concernfroge the Trooper (Ogre Fighter)             Turns: 5945, Time: 00:41:26

Health: -6/66      AC:  3    Str: 21 (23) XL:     6   Next: 78%
Magic:  8/8        EV:  8    Int:  6 (9)  God:    Zin [*.....]
Gold:   68         SH:  8    Dex:  6 (8)  Spells: 5/5 levels left

rFire   . . .      SeeInvis .   a - +1 war axe
rCold   . . .      Faith    .   c - +1 kite shield
rNeg    . . .      Spirit   .   g - +0 robe
rPois   .          Reflect  .   (helmet restricted)
rElec   .          Harm     .   (no cloak)
rCorr   .          Rampage  .   (gloves unavailable)
Will    .....                   (boots unavailable)
Stlth   +.........              (no amulet)
HPRegen 0.21/turn               (no ring)
MPRegen 0.11/turn               (no ring)

@: no status effects
A: large, unfitting armour, tough skin 1
a: Renounce Religion, Recite, Donate Gold


You were on level 5 of the Dungeon.
You worshipped Zin.
Zin was aware of your devotion.
You visited 1 branch of the dungeon, and saw 5 of its levels.

You collected 236 gold pieces.
You spent 60 gold pieces at shops.
You donated 108 gold pieces to Zin.

Inventory:

Hand Weapons
 a - a +1 war axe (weapon)
 b - a +4 short sword
Missiles
 m - 26 stones (quivered)
Armour
 c - a +1 kite shield (worn)
 g - a +0 robe (worn)
Scrolls
 f - a scroll of vulnerability
 i - a scroll of amnesia
 l - 2 scrolls of fog
Potions
 j - a potion of magic
 q - 3 potions of brilliance


   Skills:
 - Level 5.0 Fighting
 + Level 4.3 Axes
 - Level 2.0 Throwing
 - Level 2.6 Dodging
 - Level 4.0 Shields
 + Level 3.4 Invocations


You had 5 spell levels left.
You didn't know any spells.
Your spell library contained the following spells:

 Spells                   Type           Power      Damage    Failure   Level
 Ensorcelled Hibernation  Hex/Ice        0%         N/A       86%         2
 Gell's Gravitas          Tloc           0%         N/A       98%         3
 Spider Form              Tmut/Pois      0%         N/A       98%         3
 Teleport Other           Tloc           0%         N/A       98%         3
 Anguish                  Hex/Necr       0%         N/A       100%        4
 Dispersal                Tloc           0%         N/A       100%        6


Dungeon Overview and Level Annotations

Branches:
Dungeon (5/15)
 Temple: D:4-7

Altars:
Zin

Shops:
D:3 *   D:4 !


Innate Abilities, Weirdness & Mutations

You are too large for most types of armour.
You have tough skin. (AC +1)


Message History

You feel better. The orc wizard casts a spell at you.
You resist with some effort. The orc barely misses you.
The orc wizard closely misses you.
Okay, then.
You barely miss the orc wizard.
The orc wizard is moderately wounded.
You closely miss the orc wizard.
The orc wizard mumbles some strange words.
The orc wizard flickers and vanishes!
Deactivating autopickup; reactivate with Ctrl-A.
The orc hits you from afar with a +0 trident.
The orc wizard hits you with a +0 dagger.
You hit the orc wizard.
The orc wizard is severely wounded.
You completely miss something. Something hits you.
The orc hits you from afar with a +0 trident.
* * * LOW HITPOINT WARNING * * *
The orc wizard gestures at you while chanting.
You resist with some effort. The orc wizard closely misses you.
The orc hits you but does no damage.
You hear some strange, mumbled words.
A puff of flame appears from out of thin air!
The puff of flame hits you!
* * * LOW HITPOINT WARNING * * *
You closely miss the orc wizard.
The orc wizard is severely wounded.
You miss something. Something hits you.
* * * LOW HITPOINT WARNING * * *
You block the orc's attack.
The orc wizard hits you but does no damage.
You slash the orc wizard!
You kill the orc wizard!
You barely miss something. Something hits you.
* * * LOW HITPOINT WARNING * * *
The orc barely misses you. You block the orc's attack.
You hear some strange, mumbled words.
A puff of flame appears from out of thin air!
The puff of flame hits you!
You die...

#.# #..# #.#.#
#.###############..###.#.#######
#......[.<#............#.......#
###########.#####.#.#....#####.#
..#.#.#........#.#
###.#.#.########.#.#
#(....#.#.....Y.....
#.#{#.#.#.######.### #.#@#.#.#
#ยง# #.#)###.# #.# #[#.o.# #.#
#.###.# #.# #.#...# #.# #.#o###
#.# # #....# #.# # ###..# #.#
###<. #..#


You could see an orc.

Vanquished Creatures
  A phantom (D:3)
  2 orc priests (D:5)
  A jelly (D:5)
  An iguana (D:5)
  2 orc wizards
  2 gnolls (D:3)
  5 adders
  A white imp (D:3)
  A worm (D:3)
  11 orcs
  13 endoplasms
  2 giant cockroaches
  5 goblins
  8 hobgoblins
  3 jackals (D:3)
  4 quokkas
  4 ball pythons
  5 bats
  3 frilled lizards
  6 kobolds
  8 rats
88 creatures vanquished.

Notes
Turn   | Place    | Note
-------+----------+-------------------------------------------
     0 | D:1      | concernfroge the Ogre Fighter began the quest for the Orb.
     0 | D:1      | Reached XP level 1. HP: 24/24 MP: 1/1
   101 | D:1      | Reached XP level 2. HP: 14/32 MP: 2/2
   722 | D:1      | You fall into a shaft and drop 1 floor!
   819 | D:2      | Reached XP level 3. HP: 39/40 MP: 3/3
  1913 | D:2      | Found a faded altar of an unknown god.
  2041 | D:3      | Found a glowing silver altar of Zin.
  2068 | D:3      | Reached skill level 1 in Throwing
  2068 | D:3      | Reached XP level 4. HP: 34/49 MP: 4/4
  2385 | D:3      | Became a worshipper of Zin the Law-Giver
  2386 | D:3      | Donated 45 gold pieces to Zin
  2387 | D:3      | Donated 23 gold pieces to Zin
  2388 | D:3      | Donated 11 gold pieces to Zin
  2389 | D:3      | Donated 6 gold pieces to Zin
  2733 | D:4      | Reached * piety under Zin
  3047 | D:4      | Found Qionn's Distillery.
  3061 | D:4      | Reached skill level 5 in Fighting
  3130 | D:4      | Bought a potion of heal wounds for 60 gold pieces
  3138 | D:3      | Noticed a phantom
  3138 | D:3      | Found Odametz's General Store.
  3351 | D:3      | Reached ** piety under Zin
  3399 | D:3      | Reached XP level 5. HP: 54/57 MP: 5/5
  3492 | D:3      | Killed a phantom
  3493 | D:3      | Reached skill level 1 in Invocations
  4159 | D:5      | Entered Level 5 of the Dungeon
  4170 | D:5      | Reached XP level 6. HP: 64/66 MP: 7/7
  5823 | D:5      | Noticed an ice beast
  5927 | D:5      | Noticed an ice beast
  5945 | D:5      | Killed from afar by an orc wizard

Illustrated notes

Levels and vault maps discovered:
D:1:      dpeg_arrival_orchard, layout_basic, serial_corexii_hall,
          chequers_hall_statues_wall_a, chequers_hall_statues_corner_a,
          chequers_hall_statues_wall_a, corexii_hall_statues_l
D:2:      layout_loops_ring, shapermc_ecumenical_altar_pompeii
D:3:      layout_rooms, amcnicky_altar_gilded, serial_shops, shop_fountains,
          eino_tiny_chamber, st_stairs_14, minmay_fountain_box,
          grunt_ministairs_14, dreamdust_wishing_well, minmay_misc_feat_tiny
D:4:      layout_layer_cave, serial_shops, shop
D:5:      minmay_spotlight, layout_basic, minmay_temple_entry_slanted,
          uniq_pikel

Skill      XL: |  1  2  3  4  5  6 |
---------------+-------------------+-----
Throwing       | 1 2 |  2.0
Fighting       | 5 |  5.0
Axes           | 3 4 |  4.3
Shields        | 4 |  4.0
Invocations    | 2 3 |  3.4
Dodging        | |  2.6

Action                   |  1- 3 |  4- 6 || total
-------------------------+-------+-------++-------
Melee: War axe           |   128 |   206 ||   334
Throw: Dart              |     7 |    23 ||    30
       Stone             |       |    11 ||    11
Invok: Donate Gold       |       |     4 ||     4
       Recite            |       |     7 ||     7
       Vitalisation      |       |     2 ||     2
  Use: Scroll            |     4 |    10 ||    14
       Potion            |       |    11 ||    11
 Stab: Sleeping          |       |     1 ||     1
       Confused          |       |     1 ||     1
Armor: Robe              |    34 |    45 ||    79
Dodge: Dodged            |    50 |    81 ||   131
Block: Kite shield       |    52 |    74 ||   126
